Map: Império Eterno LE

Players

DakkoN

  • Race: Terran Terran
  • League: Master
  • Spawn Location: 1:00

MiCox - Winner!

  • Race: Protoss Protoss
  • League: Master
  • Spawn Location: 7:00

VOD

Have the link to the VOD?

Description

Time

  • Played on: April 21, 2020, 4:59 p.m.
  • Length: 7:33
Show
View Real Time Build Order
Export as new Build Order

DakkoN Terran 

Build Orders: 1/1/1, Liberator Opening 

Get SALT Encoding   

  12  0:02  SCV  
  13  0:14  SCV  
  13  0:18  Supply Depot  
  14  0:26  SCV  
  15  0:39  Refinery  
  15  0:40  SCV  
  16  0:45  Barracks  
  16  0:52  SCV  
  17  1:01  Refinery  
  17  1:04  SCV  
  18  1:16  SCV  
  20  1:34  Barracks Reactor  
  20  1:38  Orbital Command  
  19  1:43  Supply Depot  
  19  1:44  Factory  
  19  2:04  SCV  
  20  2:10  Marine x2  
  22  2:16  SCV  
  23  2:28  SCV, Marine x2  
  23  2:29  Starport  
  26  2:30  Factory Tech Lab  
  26  2:41  SCV  
  29  2:52  Siege Tank  
  29  2:55  Marine  
  29  2:56  Supply Depot  
  31  3:10  Liberator  
  34  3:16  Marine x2  
  36  3:24  Siege Tank  
  39  3:37  Marine  
  39  3:38  Marine  
  41  3:47  Supply Depot  
  41  3:52  Liberator  
  44  3:55  Marine  
  44  3:56  Marine  
  44  4:00  SCV  
  44  4:27  Marine x2  
  44  4:29  Siege Tank  
  48  4:51  Liberator  
  48  4:52  Marine x2  
  44  5:09  Marine  
  44  5:10  Marine  
  43  5:20  Siege Tank  
  45  5:26  SCV  
  45  5:27  Marine x2  
  48  5:37  Command Center  
  48  5:51  Marine  
  48  5:52  Marine, Liberator  
  53  6:00  SCV  
  53  6:01  Siege Tank  
  57  6:33  Supply Depot, Cyclone  
  60  6:42  Marine  
  60  6:43  Marine  
  61  6:50  Engineering Bay  
  61  6:52  Orbital Command  
Show
View Real Time Build Order
Export as new Build Order

MiCox Protoss - Winner!

Build Orders: 1 Gate Expand, Blink Stalkers 

Get SALT Encoding   

  12  0:01  Probe  
  13  0:13  Probe  
  14  0:23  Pylon  
  14  0:25  Probe  
  15  0:42  Probe (Chrono Boost)  
  16  0:43  Gateway  
  16  0:49  Probe (Chrono Boost)  
  17  0:50  Assimilator  
  17  0:56  Probe  
  18  1:08  Probe  
  19  1:24  Nexus  
  19  1:33  Cybernetics Core  
  19  1:40  Assimilator  
  19  1:42  Probe (Chrono Boost)  
  20  1:52  Probe (Chrono Boost)  
  21  1:54  Pylon  
  21  1:57  Probe (Chrono Boost)  
  22  2:08  Probe  
  22  2:10  Adept (Chrono Boost)  
  22  2:11  Warp Gate  
  25  2:20  Probe  
  26  2:32  Twilight Council  
  26  2:33  Stalker  
  26  2:36  Probe  
  29  2:39  Probe  
  30  2:48  Probe  
  30  2:51  Probe  
  32  2:58  Gateway  
  32  3:00  Probe  
  32  3:03  Probe  
  34  3:08  Blink (Chrono Boost)  
  34  3:14  Stalker  
  34  3:17  Probe  
  34  3:18  Probe  
  38  3:24  Shield Battery  
  38  3:33  Gateway  
  38  3:42  Shield Battery  
  38  3:45  Pylon  
  38  3:46  Probe  
  38  3:48  Probe  
  40  4:00  Dark Shrine  
  40  4:02  Stalker x2  
  44  4:05  Pylon  
  44  4:07  Probe  
  44  4:08  Probe  
  44  4:26  Stalker x2  
  44  4:30  Stalker  
  50  4:36  Assimilator  
  50  4:37  Pylon  
  50  4:50  Stalker x2  
  52  5:01  Stalker  
  46  5:14  Stalker x2  
  46  5:23  Probe  
  46  5:27  Robotics Facility  
  47  5:29  Pylon  
  47  5:30  Probe  
  48  5:35  Stalker  
  48  5:40  Gateway x2  
  50  5:44  Gateway  
  50  5:46  Stalker x2  
  50  5:47  Pylon  
  54  5:52  Charge (Chrono Boost), Pylon  
  54  5:59  Assimilator  
  54  6:00  Probe x2  
  56  6:12  Probe  
  56  6:14  Dark Templar  
  53  6:26  Zealot x2  
  53  6:28  Probe  
  53  6:32  Probe  
  59  6:34  Pylon  
  59  6:35  Dark Templar  
  59  6:39  Immortal  
  63  6:51  Shield Battery  
  63  6:52  Shield Battery  
  63  6:53  Dark Templar  
  61  7:15  Stalker x3  
Tags
 
Add a new tag
Caveats
  • Supply blocks, unpowered buildings, or Contaminate may cause inaccurate times.
  • Supply counts are checked every 10 seconds.